 Dungeon Crawl Stone Soup version 0.24.0-13-gcf9b319 (webtiles) character file.

Game seed: 10249817717931970621, levelgen mode: deterministic

83 Fortress the Conjurer (level 4, -1/33 HPs)
             Began as a Draconian Conjurer on Jan 9, 2020.
             Slain by a gnoll
             ... wielding a +0 spear
              (7 damage)
             ... on level 3 of the Dungeon on Jan 10, 2020.
             The game lasted 00:09:56 (1836 turns).

Fortress the Conjurer (Draconian Conjurer)          Turns: 1836, Time: 00:09:57

Health: -1/33      AC:  6    Str: 11    XL:     4   Next: 22%
Magic:  2/7        EV: 12    Int: 16    God:
Gold:   105        SH:  0    Dex: 11    Spells: 7/8 levels left

rFire    . . .     SeeInvis .   j - +0 dagger
rCold    . . .     Gourm    .   (no shield)
rNeg     . . .     Faith    .   (armour unavailable)
rPois    .         Spirit   .   (helmet restricted)
rElec    .         Reflect  .   (no cloak)
rCorr    .         Harm     .   k - +0 pair of gloves
MR       .....                  (no boots)
Stlth    ++........             (no amulet)
HPRegen  0.11/turn              (no ring)
MPRegen  0.10/turn              (no ring)

@: no status effects
A: unfitting armour, cold-blooded, AC +5
a: no special abilities


You were on level 3 of the Dungeon.
You were hungry.

You visited 1 branch of the dungeon, and saw 3 of its levels.

You collected 105 gold pieces.

Inventory:

Hand Weapons
 j - a +0 dagger (weapon)
Missiles
 n - 22 poisoned darts (quivered)
Armour
 k - a +0 pair of gloves (worn)
Wands
 h - a wand of polymorph (12)
Scrolls
 a - 2 scrolls of teleportation {unknown}
 c - 5 scrolls of remove curse {unknown}
 d - 3 scrolls of magic mapping {unknown}
 e - 2 scrolls of identify {unknown}
 f - a scroll of enchant weapon {unknown}
 i - a scroll of fear {unknown}
 m - 2 scrolls of blinking {unknown}
Potions
 g - a potion of cancellation {unknown}
 l - a potion of curing {unknown}
Comestibles
 b - 5 rations


   Skills:
 + Level 2.0 Dodging
 - Level 2.0 Stealth
 + Level 2.6 Spellcasting
 + Level 5.2 Conjurations


You had 7 spell levels left.
You knew the following spells:

 Your Spells              Type           Power        Failure   Level  Hunger
a - Magic Dart            Conj           ###.         2%          1    #......

Your spell library contained the following spells:

 Spells                   Type           Power        Failure   Level  Hunger
 Searing Ray              Conj           ###...       3%          2    ##.....
 Dazzling Spray           Conj/Hex       ##....       21%         3    ###....
 Iskenderun's Mystic Bla  Conj           ###.....     22%         4    #####..
 Force Lance              Conj/Tloc      ##......     54%         4    #####..
 Fulminant Prism          Conj/Hex       ##........   54%         4    #####..


Dungeon Overview and Level Annotations

Branches:
Dungeon (3/15)

Altars:


Innate Abilities, Weirdness & Mutations

Your plain brown scales are hard. (AC +5)
You cannot fit into any form of body armour.
You are cold-blooded and may be slowed by cold attacks.


Message History

Press: ? - help, Shift-Dir - straight line, f/p - gnoll
Aim: a gnoll (heavily wounded)
The magic dart hits the gnoll.
The gnoll is severely wounded.
The gnoll hits you from afar with a +0 spear.
The gnoll hits you! The gnoll barely misses you.
Casting: Magic Dart (safe; 2% risk of failure)
Confirm with . or Enter, or press ? or * to list all spells.
Aiming: Magic Dart (safe; 2% risk of failure)
Press: ? - help, Shift-Dir - straight line, f/p - gnoll
Aim: a gnoll (severely wounded)
The magic dart hits the gnoll.
You kill the gnoll!
The gnoll hits you from afar with a +0 spear.
* * * LOW HITPOINT WARNING * * *
The gnoll hits you from afar with a +0 spear.
* * * LOW HITPOINT WARNING * * *
The gnoll hits you but does no damage.
The gnoll hits you from afar with a +0 spear!
You die...

....'(...................
....#...................
....#.................#
..###.................#
... #.................#
#..#######..........###
#..# ######.....# #
#.....# .#
#.@...######.#.
#..............
#..gg.........#
#.............#
#.............##.. #
#.................
#.######............
#....#..............
#...#.....##.....


You could see 2 gnolls.

Vanquished Creatures
  2 gnolls (D:3)
  3 adders
  A dart slug (D:1)
  9 bats
  3 giant cockroaches (D:1)
  6 goblins
  3 hobgoblins
  4 kobolds
  A frilled lizard (D:1)
  2 rats
34 creatures vanquished.

Notes
Turn   | Place    | Note
-------+----------+-------------------------------------------
     0 | D:1      | Fortress the Draconian Conjurer began the quest for the
                  | Orb.
     0 | D:1      | Reached XP level 1. HP: 14/14 MP: 3/3
   146 | D:1      | Reached XP level 2. HP: 20/20 MP: 0/5
   961 | D:2      | Reached XP level 3. HP: 20/26 MP: 2/6
  1628 | D:3      | Reached skill level 5 in Conjurations
  1713 | D:3      | Found a faded altar of an unknown god.
  1761 | D:3      | Reached XP level 4. HP: 33/33 MP: 0/7
  1836 | D:3      | Slain by a gnoll

Levels and vault maps discovered:
D:1:      lightli_arrival_maybe_door_vault, layout_rooms, minmay_pentomino_s2
D:2:      layout_basic
D:3:      layout_basic, chequers_ecumenical_altar_simple_redux, first_ration,
          grunt_ministairs_5, kennysheep_jessica_study

Skill      XL: |  1  2  3 |
---------------+----------+-----
Stealth        | 2 |  2.0
Conjurations   | 5 |  5.2
Dodging        | 2 |  2.0
Spellcasting   | |  2.6

Action                   |  1- 3 |  4- 6 || total
-------------------------+-------+-------++-------
Melee: Unarmed           |    36 |       ||    36
       Tailslap          |     4 |       ||     4
       Dagger            |     3 |       ||     3
 Cast: Magic Dart        |    67 |     6 ||    73
 Stab: Sleeping          |     1 |       ||     1
  Eat: Chunk             |     3 |       ||     3
Armor: Skin              |    23 |     2 ||    25
Dodge: Dodged            |    39 |     8 ||    47
